 Dungeon Crawl Stone Soup version 0.19.0-11-g3fc08b3 (webtiles) character file.

222463 Lochraine the Eclecticist (level 18, -5/159 HPs)
             Began as a Grey Draconian Earth Elementalist on Nov 9, 2016.
             Was the Champion of Ashenzari.
             Slain by an alligator snapping turtle (6 damage)
             ... on level 4 of the Shoals.
             The game lasted 03:57:06 (49166 turns).

Lochraine the Eclecticist (DrEE)                   Turns: 49166, Time: 03:57:07

Health: -5/159     AC: 29    Str: 10    XL:     18   Next: 53%
Magic:  2/37       EV: 20    Int: 20    God:    Ashenzari [******]
Gold:   2535       SH:  8    Dex: 12    Spells: 12 memorised, 1 level left

rFire  + + .     SeeInvis +     a - +1 war axe (elec)
rCold  + . .     Gourm    .     (armour unavailable)
rNeg   + . .     Faith    .     D - +3 buckler {AC+3} (curse)
rPois  .         Spirit   .     A - +2 hat
rElec  +         Reflect  .     Q - +2 cloak (curse)
rCorr  .         Harm     .     Y - +2 pair of gloves (curse)
MR     +....     Clarity  +     w - +2 pair of boots (curse)
Stlth  ++++......               m - amulet of magic regeneration (curse)
                                v - ring "Jaabyergh" {rF+ rN+ Int-4 Slay+3 Stlth+} (curse)
                                y - ring "Rituhao" {+Inv rElec rF+ rC+} (curse)

@: repel missiles, invisible
A: walk through water, unfitting armour, see invisible, unbreathing,
cold-blooded, AC +15
a: Curse Item, Scrying, Transfer Knowledge, Renounce Religion
}: 1/15 runes: serpentine


You were on level 4 of the Shoals.
You worshipped Ashenzari.
Ashenzari was exalted by your worship.
You were not hungry.

You visited 5 branches of the dungeon, and saw 31 of its levels.
You also visited: Trove, Ossuary and Bailey.

You collected 4321 gold pieces.
You spent 1786 gold pieces at shops.

Inventory:

Hand Weapons
 a - a +1 war axe of electrocution (weapon)
 H - a +3 vampiric broad axe
Armour
 w - a cursed +2 pair of boots (worn)
 A - a +2 hat (worn)
 B - the +2 hat of the High Council {Archmagi, Wiz- Stlth-}
   (You found it on level 3 of the Snake Pit)

   It makes you less stealthy.
 D - a cursed +3 buckler of protection (worn)
 Q - a cursed +2 cloak (worn)
 Y - a cursed +2 pair of gloves (worn)
Magical Staves
 b - an uncursed staff of energy
Jewellery
 m - a cursed amulet of magic regeneration (around neck)
 n - a +4 ring of evasion
 r - an uncursed ring of protection from magic
 v - the cursed ring "Jaabyergh" (right hand) {rF+ rN+ Int-4 Slay+3 Stlth+}
   (You found it in a treasure trove)

   [ring of protection from fire]

   It affects your intelligence (-4).
   It affects your accuracy and damage with ranged weapons and melee attacks
   (+3).
   It protects you from fire.
   It protects you from negative energy.
   It makes you more stealthy.
   It has a curse placed upon it.
 y - the cursed ring "Rituhao" (left hand) {+Inv rElec rF+ rC+}
   (You found it in a treasure trove)

   [ring of protection from fire]

   It protects you from fire.
   It protects you from cold.
   It insulates you from electricity.
   It lets you turn invisible.
   It has a curse placed upon it.
 F - the ring "Ehuel" {rF+ Str+5}
   (You acquired it on level 5 of the Lair of Beasts)

   [ring of protection from fire]

   It affects your strength (+5).
   It protects you from fire.
 U - an uncursed ring of magical power
Wands
 d - a wand of enslavement (9/24)
 k - a wand of paralysis (13/24)
 q - a wand of acid (8/15)
 J - a wand of lightning (7/15)
 R - a wand of enslavement (13/24)
Scrolls
 h - 4 scrolls of recharging
 i - 5 scrolls of identify
 j - 2 scrolls of teleportation
 l - a scroll of amnesia
 L - 4 scrolls of magic mapping
 O - a scroll of fog
 P - 2 scrolls of brand weapon
 S - 3 scrolls of enchant weapon
 W - a scroll of immolation
Potions
 s - 6 potions of curing
 t - 6 potions of flight
 u - 6 potions of haste
 E - 3 potions of cure mutation
 G - 3 potions of might
 I - a potion of resistance
 M - 3 potions of agility
 N - a potion of brilliance
 T - 3 potions of magic
Books
 e - a book of the Earth

   Spells                             Type                      Level
   a - Leda's Liquefaction            Hexes/Earth                  4
   b - Bolt of Magma                  Conjuration/Fire/Earth       5
   c - Statue Form                    Transmutation/Earth          6
   d - Iron Shot                      Conjuration/Earth            6
   e - Shatter                        Earth                        9
 f - Sif Muna's Handbook of Conjuration
   (You found it in a treasure trove)

   Spells                             Type                      Level
   a - Iskenderun's Mystic Blast      Conjuration                  4
   b - Irradiate                      Conjuration/Transmutation    5
   c - Bolt of Fire                   Conjuration/Fire             6
   d - Iron Shot                      Conjuration/Earth            6
   e - Lehudib's Crystal Spear        Conjuration/Earth            8
   f - Glaciate                       Conjuration/Ice              9
 o - Sif Muna's Disquisition on Arcane Weapons
   (You found it in a treasure trove)

   Spells                             Type                      Level
   a - Static Discharge               Conjuration/Air              3
   b - Mephitic Cloud                 Conjuration/Poison/Air       3
   c - Spellforged Servitor           Conjuration/Summoning        7
 x - a book of the Tempests

   Spells                             Type                      Level
   a - Static Discharge               Conjuration/Air              3
   b - Lightning Bolt                 Conjuration/Air              5
   c - Fireball                       Conjuration/Fire             5
   d - Tornado                        Air                          9
   e - Shatter                        Earth                        9
 C - a book of Enchantments

   Spells                             Type                      Level
   a - Cause Fear                     Hexes                        4
   b - Yara's Violent Unravelling     Hexes/Transmutation          5
   c - Silence                        Hexes/Air                    5
   d - Deflect Missiles               Charms/Air                   6
   e - Discord                        Hexes                        8
 K - a book of Power

   Spells                             Type                      Level
   a - Fulminant Prism                Conjuration/Hexes            4
   b - Iskenderun's Mystic Blast      Conjuration                  4
   c - Venom Bolt                     Conjuration/Poison           5
   d - Bolt of Magma                  Conjuration/Fire/Earth       5
   e - Iron Shot                      Conjuration/Earth            6
   f - Orb of Destruction             Conjuration                  7
   g - Spellforged Servitor           Conjuration/Summoning        7
Comestibles
 c - 17 bread rations
 g - 35 fruits
 p - a chunk of flesh
 z - 5 beef jerkies


   Skills:
 + Level 13.7 Fighting
 - Level 6.0 Axes
 - Level 12.1(14.8) Dodging
 - Level 4.2(7.0) Stealth
 - Level 4.0(6.8) Shields
 + Level 15.8 Spellcasting
 + Level 11.9(16.0) Conjurations
 - Level 1.9(5.1) Charms
 - Level 11.5(15.7) Summonings
 - Level 4.9(9.3) Transmutations
 - Level 4.9(9.3) Fire Magic
 - Level 2.0(5.3) Ice Magic
 - Level 13.9(17.9) Earth Magic
 - Level 5.7(10.2) Evocations


You had one spell level left.
You knew the following spells:

 Your Spells              Type           Power        Failure   Level  Hunger
a - Bolt of Magma         Conj/Fire/Erth ######....   1%          5    ###....
b - Statue Form           Tmut/Erth      ######...    1%          6    #####..
c - Passwall              Tmut/Erth      ######....   1%          2    None
d - Spellforged Servitor  Conj/Summ      ######....   6%          7    ######.
e - Lee's Rapid Deconstr  Erth           ######....   1%          5    ###....
f - Ozocubu's Armour      Chrm/Ice       #####...     1%          3    None
g - Sticky Flame          Conj/Fire      ######..     1%          4    None
h - Conjure Flame         Conj/Fire      ######..     1%          3    None
i - Swiftness             Chrm/Air       ####....     1%          2    None
j - Fireball              Conj/Fire      ######....   1%          5    ###....
k - Repel Missiles        Chrm/Air       ####..       1%          2    None
l - Mephitic Cloud        Conj/Pois/Air  #####...     1%          3    None


Dungeon Overview and Level Annotations

Branches:
Dungeon (15/15)            Temple (0/1) D:4            Lair (6/6) D:8
 Shoals (4/4) Lair:3        Snake (4/4) Lair:4        Slime (0/5) Lair:6
    Orc (2/2) D:10            Elf (0/3) Orc:2        Vaults (0/5) D:13
 Depths (0/5) D:15

Altars:
Ashenzari
Trog
Jiyva

Shops:
D:8 [   D:9 !*[   Orc:2 *?*!*   Snake:2 !   Snake:4 =}=

Annotations:
D:7 exclusion: oklob plant
D:15 Louise, Sonja
Lair:2 exclusion: 4 oklob plants
Shoals:2 Polyphemus
Shoals:4 Ilsuiw


Innate Abilities, Weirdness & Mutations

You can walk through water.
Your dull iron-grey scales are very hard. (AC +15)
You cannot fit into any form of body armour.
You can survive without breathing.
You are cold-blooded and may be slowed by cold attacks.
You have supernaturally acute eyesight. (SInv)


Message History

Evoke which item? (* to show all) (? for menu, Esc to quit)
Okay, then.
Unknown command.
Press: ? - help, v - describe, . - travel, g - get item
Here: an alligator snapping turtle (water, almost dead, covered in acid)
A poisoned javelin.
Some deep water.
Evoke which item? (* to show all) (? for menu, Esc to quit)
Okay, then.
Unknown command.
Okay, then.
Unknown command.
Press: ? - help, v - describe, . - travel
Here: a merfolk javelineer, wielding a spear of venom, wearing a leather armour and quivering 16 poisoned javelins (water, moderately wounded, confused, covered in acid) Some deep water.
You fade into invisibility!
The alligator snapping turtle is no longer covered in acid.
The merfolk javelineer screams, "I'll kill you anyway!"
The alligator snapping turtle bites you from afar.
You die...

....≈≈≈≈≈≈≈≈≈≈≈≈≈≈≈≈#
....≈≈≈≈≈(≈≈≈≈≈≈≈≈≈≈#
.....≈≈≈≈≈≈≈≈≈≈≈≈≈≈≈#
.....≈≈≈≈≈≈≈≈§≈§≈≈≈≈#
*###..≈≈≈≈≈≈≈≈§≈≈≈≈≈#
**#....≈≈≈≈≈§§§≈≈≈≈#
* ,###...≈≈≈≈≈≈≈t≈≈≈#
, *#...≈≈≈≈≈≈≈≈≈≈≈#
*, #≈...≈≈≈≈≈≈≈@≈≈≈#
≈,≈*##...≈≈P≈≈≈≈≈≈≈≈#
≈* **#.P.≈≈≈≈≈≈≈≈≈≈≈#
≈,..*#.P.≈≈≈≈≈≈≈≈≈≈≈#
≈ ..##..P≈≈P≈≈≈≈≈≈≈≈#
* #....P≈P≈≈≈≈≈≈≈≈≈#
≈#..≈≈≈P≈≈≈≈≈≈≈≈≈≈# ,
..≈.≈≈≈≈≈≈≈≈≈≈≈≈≈≈# ≈
≈.≈≈≈P≈≈≈≈≈≈≈≈≈≈≈≈#


You could see an alligator snapping turtle.

Vanquished Creatures
  Vashnia (Snake:4)
  Frances (Shoals:1)
  Agnes (D:15)
  Kirke (Snake:3)
  6 nagarajas
  The ghost of Chiseanne the Devastator, a journeyman DsWz of Vehumet (Shoals:2)
  A merfolk javelineer (Shoals:3)
  24 naga warriors
  2 vault guards
  8 hydras
  A catoblepas (Lair:6)
  10 anacondas
  4 centaur warriors
  A merfolk aquamancer (Shoals:2)
  A satyr (Shoals:3)
  An ogre mage (Orc:2)
  An orc high priest (Orc:1)
  7 death yaks
  19 naga sharpshooters
  10 shock serpents
  A skeletal warrior (D:12)
  2 unseen horrors
  7 sea snakes
  A salamander mystic (Snake:4)
  An orc knight (Orc:2)
  13 naga ritualists
  3 hill giants
  A wolf spider zombie (D:13)
  13 harpies
  A lindwurm (Lair:6)
  15 mana vipers
  An orc sorcerer (Orc:2)
  5 cyclopes
  2 deep elf magi (D:13)
  The ghost of Zorot the Fighter, a novice GrFi (D:5)
  4 manticores
  5 salamanders
  8 ugly things
  10 fauns
  Joseph (Lair:1)
  5 sirens
  Maurice (Orc:1)
  43 black mambas
  30 naga magi
  13 guardian serpents
  2 water nymphs
  2 torpor snails
  A gargoyle (D:12)
  14 spiny frogs
  2 kobold demonologists (D:14)
  A yaktaur (D:13)
  An efreet (D:14)
  A redback zombie (D:12)
  7 rime drakes
  10 komodo dragons
  A queen bee (Lair:2)
  2 tengu conjurers (D:14)
  6 wind drakes
  6 hornets
  11 trolls
  4 polar bears
  5 two-headed ogres
  13 merfolk
  3 slime creatures (D:12)
  10 blink frogs
  21 hippogriffs
  5 snapping turtles
  5 dream sheep
  A redback (Lair:6)
  13 spriggans
  5 wraiths
  37 yaks
  4 wyverns
  2 vampires
  A shadow (D:11)
  A hog (Snake:3)
  A water elemental (Shoals:2)
  2 steam dragons
  2 fire bats (Lair:1)
  10 basilisks
  A hungry ghost (D:8)
  2 wargs (Orc:2)
  87 nagas
  Duvessa (D:7)
  A soldier ant (D:11)
  8 water moccasins
  A floating eye (D:15)
  3 porcupines
  8 ice beasts
  35 orc warriors
  A hornet zombie (D:15)
  6 black bears
  A phantom (D:14)
  2 sky beasts
  13 ogres
  27 wolves
  An eye of draining (D:10)
  3 boggarts (Lair:6)
  23 centaurs
  17 crocodiles
  2 big kobolds
  3 elf zombies (Ossuary)
  16 bullfrogs
  9 gnoll sergeants
  3 wyvern skeletons
  4 scorpions
  Dowan (D:7)
  47 killer bees
  10 electric eels
  5 howler monkeys
  6 crimson imps
  A lava snake (Lair:1)
  A bullfrog zombie (D:13)
  6 jellies
  7 centaur zombies
  12 hounds
  19 orc wizards
  20 orc priests
  A bullfrog skeleton (D:7)
  6 gnoll shamans (Bailey)
  7 iguanas
  4 centaur skeletons
  11 worker ants
  3 big kobold zombies (Ossuary)
  A hound skeleton (D:9)
  2 mummies (Ossuary)
  A worker ant zombie (D:8)
  Robin (D:2)
  23 gnolls
  14 adders
  7 river rats (D:8)
  6 shadow imps
  20 oozes
  2 adder zombies
  2 worms
  5 dart slugs
  7 leopard geckos
  86 orcs
  3 ball pythons
  17 bats
  7 giant cockroaches (D:4)
  12 goblins
  13 hobgoblins
  4 jackals
  18 kobolds
  8 quokkas
  5 frilled lizards
  A goblin zombie (Ossuary)
  9 hobgoblin zombies (Ossuary)
  2 jackal zombies (Ossuary)
  10 kobold zombies (Ossuary)
  7 orc zombies (Ossuary)
  A quokka skeleton (D:5)
  A quokka zombie (D:7)
  41 rats
  A fire vortex (Lair:1)
  10 fungi
  6 plants
  A tentacle (Shoals:1)
1299 creatures vanquished.

Vanquished Creatures (collateral kills)
  A kraken (Shoals:1)
  A merfolk javelineer (Shoals:4)
  2 merfolk impalers
  2 naga warriors (Snake:4)
  3 satyrs
  3 merfolk avatars
  2 merfolk aquamancers
  A death yak (Shoals:1)
  A naga sharpshooter (Snake:4)
  5 sea snakes
  A naga ritualist (Snake:4)
  7 harpies
  A mana viper (Snake:4)
  3 manticores
  11 fauns
  A cyclops (Shoals:1)
  A guardian serpent (Snake:4)
  A water nymph (Shoals:4)
  3 sirens
  4 black mambas (Snake:4)
  10 merfolk
  4 wind drakes
  4 snapping turtles
  2 dream sheep (Shoals:2)
  7 water elementals
  A naga (Snake:4)
  A centaur (Shoals:4)
  A plant (Shoals:2)
  2 tentacles (Shoals:1)
86 creatures vanquished.

Vanquished Creatures (others)
  An unseen horror (D:14)
  A vampire (D:14)
  3 humans (Snake:3)
  A naga (Snake:3)
  A killer bee (Lair:2)
  An orc wizard (D:8)
  A bush (Lair:5)
  27 fungi
  26 plants
  10 tentacles (Shoals:1)
72 creatures vanquished.

Grand Total: 1457 creatures vanquished

Notes
Turn   | Place    | Note
-------+----------+-------------------------------------------
     0 | D:1      | Lochraine the Draconian Earth Elementalist began the quest for the Orb.
     0 | D:1      | Reached XP level 1. HP: 14/14 MP: 3/3
   399 | D:1      | Reached XP level 2. HP: 16/20 MP: 3/5
   543 | D:1      | Found a shattered altar of Ashenzari.
   583 | D:1      | Became a worshipper of Ashenzari the Shackled
   600 | D:1      | Reached XP level 3. HP: 26/26 MP: 4/6
   860 | D:1      | Learned a level 3 spell: Stone Arrow
  1291 | D:2      | You fall through a shaft for 2 floors!
  1593 | D:2      | Reached skill level 3 in Spellcasting
  1595 | D:2      | Noticed Robin
  1875 | D:2      | Reached skill level 1 in Conjurations
  1875 | D:2      | Reached XP level 4. HP: 33/33 MP: 2/8
  2224 | D:2      | Killed Robin
  2682 | D:3      | Learned a level 2 spell: Passwall
  3017 | D:3      | Found a faded altar of an unknown god.
  3087 | D:3      | Reached XP level 5. HP: 38/38 MP: 7/10
  3738 | D:4      | Found a staircase to the Ecumenical Temple.
  4287 | D:4      | Reached XP level 6. HP: 14/45 MP: 11/11
  4800 | D:4      | Learned a level 4 spell: Petrify
  4867 | D:5      | Entered Level 5 of the Dungeon
  4931 | D:5      | Reached skill level 4 in Spellcasting
  4999 | D:5      | Reached skill level 5 in Earth Magic
  5327 | D:5      | Noticed an ice beast
  5338 | D:5      | Killed an ice beast
  5338 | D:5      | Your scales start taking on a dull iron-grey colour.
  5338 | D:5      | Reached XP level 7. HP: 50/50 MP: 3/13
  5338 | D:5      | Gained mutation: You can survive without breathing. [Grey Draconian growth]
  5694 | D:5      | Noticed Zorot's ghost (novice GrFi)
  5762 | D:5      | Killed Zorot's ghost
  5762 | D:5      | Reached XP level 8. HP: 12/57 MP: 0/15
  6005 | D:5      | Learned a level 5 spell: Lee's Rapid Deconstruction
  6355 | D:6      | Reached skill level 5 in Spellcasting
  6769 | D:6      | Reached skill level 5 in Conjurations
  6935 | D:6      | Reached * piety under Ashenzari
  7296 | D:7      | Found a sand-covered staircase.
  7302 | Ossuary  | Entered an ossuary
  7355 | Ossuary  | Reached skill level 1 in Shields
  7447 | Ossuary  | Reached skill level 1 in Fighting
  7713 | D:7      | Reached XP level 9. HP: 67/67 MP: 10/17
  7850 | D:7      | Reached skill level 6 in Spellcasting
  7881 | D:7      | Noticed Dowan
  7884 | D:7      | Noticed Duvessa
  7897 | D:7      | Killed Dowan
  7913 | D:7      | Killed Duvessa
  8279 | D:7      | Noticed an oklob plant
  9308 | D:8      | Found Palucronk's Antique Armour Boutique.
  9582 | D:8      | Found a staircase to the Lair.
  9590 | D:8      | Reached skill level 10 in Earth Magic
  9655 | D:8      | Reached skill level 7 in Spellcasting
  9803 | D:8      | Reached XP level 10. HP: 80/80 MP: 16/20
  9806 | D:8      | Reached ** piety under Ashenzari
 10110 | D:8      | Reached skill level 5 in Fighting
 10532 | D:9      | Found Wiraacif's General Store.
 10535 | D:9      | Reached skill level 5 in Dodging
 11000 | D:9      | Found Xecret's Armour Shoppe.
 11026 | D:9      | Found Weineiga's Distillery.
 11381 | D:9      | Bought a scroll of remove curse for 42 gold pieces
 11421 | D:10     | Entered Level 10 of the Dungeon
 11867 | D:10     | Reached skill level 8 in Spellcasting
 12245 | D:10     | Reached XP level 11. HP: 42/92 MP: 4/23
 12958 | D:10     | Found a staircase to the Orcish Mines.
 13836 | D:10     | Learned a level 3 spell: Ozocubu's Armour
 13925 | Lair:1   | Entered Level 1 of the Lair of Beasts
 14072 | Lair:1   | Reached skill level 1 in Ice Magic
 14089 | Lair:1   | Reached skill level 1 in Charms
 14139 | Lair:1   | Noticed Joseph
 14154 | Lair:1   | Killed Joseph
 14376 | Lair:1   | Reached *** piety under Ashenzari
 14641 | Lair:1   | Reached skill level 1 in Evocations
 15123 | Lair:1   | Reached skill level 1 in Axes
 15626 | Lair:2   | Reached XP level 12. HP: 79/101 MP: 5/24
 15974 | Lair:2   | Identified Sif Muna's Compendium of Hurtful Flight
 16047 | Lair:2   | Reached skill level 9 in Spellcasting
 17295 | Lair:3   | Found a staircase to the Shoals.
 17805 | Lair:3   | Reached **** piety under Ashenzari
 18893 | Lair:4   | Found a staircase to the Snake Pit.
 18946 | Lair:4   | Learned a level 4 spell: Sticky Flame
 18977 | Lair:4   | Reached skill level 1 in Fire Magic
 19031 | Lair:4   | Learned a level 3 spell: Conjure Flame
 19147 | Lair:4   | Noticed a six-headed hydra
 19396 | Lair:4   | Killed a six-headed hydra
 19906 | Lair:5   | Learned a level 2 spell: Swiftness
 19963 | Lair:5   | Reached XP level 13. HP: 111/111 MP: 13/26
 20345 | Lair:5   | Identified a scroll of acquirement
 20345 | Lair:5   | Identified the cursed ring "Ehuel" {rF+ Str+5} (You acquired it on level 5 of the Lair of Beasts)
 20487 | Lair:5   | Reached skill level 10 in Fighting
 20487 | Lair:5   | Reached skill level 10 in Spellcasting
 20658 | Lair:5   | Learned a level 5 spell: Fireball
 20960 | Lair:6   | Entered Level 6 of the Lair of Beasts
 21018 | Lair:6   | Found a staircase to the Slime Pits.
 21018 | Lair:6   | Found a viscous altar of Jiyva.
 24302 | Lair:6   | Reached XP level 14. HP: 124/124 MP: 18/28
 24333 | Lair:6   | Reached skill level 11 in Spellcasting
 24644 | Orc:1    | Entered Level 1 of the Orcish Mines
 24706 | Orc:1    | Found a flagged portal.
 24836 | Bailey   | Entered a bailey
 25286 | Orc:2    | Entered Level 2 of the Orcish Mines
 25301 | Orc:2    | Reached ***** piety under Ashenzari
 25436 | Orc:2    | Found Icuzusy's Incredible Inventory.
 25737 | Orc:1    | Noticed Maurice
 25742 | Orc:1    | Killed Maurice
 25845 | Orc:1    | Learned a level 2 spell: Repel Missiles
 25946 | Orc:2    | Reached skill level 10 in Dodging
 26549 | Orc:2    | Found a staircase to the Elven Halls.
 26609 | Orc:2    | Found Ceatywk's Magic Scroll Emporium.
 26609 | Orc:2    | Found Roiwun's General Store.
 26609 | Orc:2    | Found Qeusor's Distillery.
 26612 | Orc:2    | Found Veerout's General Store.
 26616 | Orc:2    | Bought a scroll of teleportation for 39 gold pieces
 26616 | Orc:2    | Bought a scroll of remove curse for 39 gold pieces
 26616 | Orc:2    | Bought a scroll of identify for 26 gold pieces
 26616 | Orc:2    | Bought a scroll of blinking for 97 gold pieces
 26616 | Orc:2    | Bought a scroll of teleportation for 39 gold pieces
 26617 | Orc:2    | Bought a +0 pair of gloves for 72 gold pieces
 26629 | Orc:2    | Bought a potion of heal wounds for 65 gold pieces
 26629 | Orc:2    | Bought a potion of brilliance for 52 gold pieces
 26629 | Orc:2    | Bought a potion of heal wounds for 65 gold pieces
 26629 | Orc:2    | Bought a potion of heal wounds for 65 gold pieces
 26639 | Orc:2    | Bought 3 scrolls of teleportation for 135 gold pieces
 26639 | Orc:2    | Bought 2 potions of heal wounds for 150 gold pieces
 29796 | D:13     | Found a portal to a secret trove of treasure.
 29887 | D:13     | Reached ****** piety under Ashenzari
 30519 | D:13     | Reached XP level 15. HP: 116/133 MP: 28/30
 30545 | D:13     | Found a gate to the Vaults.
 30835 | D:14     | Found a bloodstained altar of Trog.
 31894 | D:15     | Entered Level 15 of the Dungeon
 31904 | D:15     | Reached skill level 12 in Spellcasting
 32305 | D:15     | Noticed Agnes
 32317 | D:15     | Killed Agnes
 32323 | D:15     | Noticed Louise
 32327 | D:15     | Paralysed by a floating eye for 3 turns
 32334 | D:15     | Paralysed by a floating eye for 2 turns
 32340 | D:15     | Noticed Sonja
 32988 | Orc:2    | Bought +0 ice dragon scales for 900 gold pieces
 33180 | D:13     | You paid a toll of a +2 ice dragon scales to enter a treasure trove
 33181 | Trove    | Entered a treasure trove
 33201 | Trove    | Identified Sif Muna's Handbook of Conjuration
 33203 | Trove    | Identified Sif Muna's Disquisition on Arcane Weapons
 33222 | Trove    | Identified the ring "Rituhao" {+Inv rElec rF+ rC+}
 33223 | Trove    | Identified the ring "Jaabyergh" {rF+ rN+ Int-4 Slay+3 Stlth+}
 33292 | D:13     | Learned a level 5 spell: Bolt of Magma
 33297 | D:13     | Gained mutation: You have supernaturally acute eyesight. (SInv) [potion of beneficial mutation]
 33516 | Snake:1  | Entered Level 1 of the Snake Pit
 33560 | Snake:1  | Reached skill level 5 in Evocations
 34739 | Snake:2  | Learned a level 6 spell: Statue Form
 35001 | Snake:2  | Reached skill level 13 in Spellcasting
 35588 | Snake:2  | Reached skill level 5 in Axes
 35666 | Snake:2  | Reached XP level 16. HP: 82/141 MP: 29/33
 35860 | Snake:2  | Found Yteq's Distillery.
 36642 | Snake:2  | Reached skill level 14 in Spellcasting
 37610 | Snake:3  | Reached skill level 15 in Spellcasting
 37633 | Snake:3  | Learned a level 7 spell: Spellforged Servitor
 37684 | Snake:3  | Reached skill level 1 in Summonings
 37902 | Snake:3  | Noticed Kirke
 37906 | Snake:3  | Killed Kirke
 38649 | Snake:4  | Entered Level 4 of the Snake Pit
 39541 | Snake:4  | Reached skill level 5 in Summonings
 39604 | Snake:4  | Reached XP level 17. HP: 148/148 MP: 36/36
 40548 | Snake:4  | Noticed Vashnia
 40581 | Snake:4  | Found Qaitsa Icwio's Jewellery Boutique.
 40590 | Snake:4  | Found Hocoedgh's Gadget Emporium.
 40592 | Snake:4  | Found Urima's Jewellery Boutique.
 42298 | Snake:4  | Reached skill level 10 in Conjurations
 42461 | Snake:4  | Reached skill level 10 in Summonings
 42473 | Snake:4  | Killed Vashnia
 43398 | Snake:4  | Got a serpentine rune of Zot
 44075 | Shoals:1 | Entered Level 1 of the Shoals
 44231 | Shoals:1 | Noticed a kraken
 44415 | Shoals:1 | Killed a kraken
 44881 | Shoals:1 | Noticed Frances
 44890 | Shoals:1 | Killed Frances
 45731 | Shoals:2 | Reached XP level 18. HP: 156/156 MP: 27/37
 45878 | Shoals:2 | Noticed Chiseanne's ghost (journeyman DsWz)
 45895 | Shoals:2 | Killed Chiseanne's ghost
 46248 | Shoals:2 | Noticed Polyphemus
 47799 | Shoals:3 | Learned a level 3 spell: Mephitic Cloud
 47830 | Shoals:3 | HP: 8/204 [faun/sling bullet (6)]
 48751 | Shoals:4 | Entered Level 4 of the Shoals
 48775 | Shoals:4 | Noticed Ilsuiw
 49022 | Shoals:4 | Found a frozen archway.
 49165 | Shoals:4 | HP: 1/159 [alligator snapping turtle (45)]
 49166 | Shoals:4 | Slain by an alligator snapping turtle

Skill      XL: |  1  2  3  4  5  6  7  8  9 10 11 12 13 14 15 16 17 18 |
---------------+-------------------------------------------------------+-----
Dodging        | 2 4 6 7 9 11 12 | 12.1
Spellcasting   | 3 4 5 7 8 9 10 11 13 15 | 15.8
Conjurations   | 1 2 3 4 5 6 7 8 10 11 | 11.9
Earth Magic    | 4 6 7 9 10 11 12 13 | 13.9
Transmutations | 2 3 4 |  4.9
Shields        | 2 4 |  4.0
Fighting       | 1 4 7 8 9 11 12 13 | 13.7
Ice Magic      | 2 |  2.0
Charms         | 1 |  1.9
Evocations     | 3 4 5 |  5.7
Axes           | 3 4 5 6 |  6.0
Fire Magic     | 2 4 |  4.9
Stealth        | 2 4 |  4.2
Summonings     | 6 11 | 11.5

Action                   |  1- 3 |  4- 6 |  7- 9 | 10-12 | 13-15 | 16-18 || total
-------------------------+-------+-------+-------+-------+-------+-------++-------
Melee: Dagger            |   108 |    73 |       |       |       |       ||   181
       Tailslap          |     9 |     8 |    49 |    64 |   145 |    67 ||   342
       War axe           |       |    48 |   427 |   603 |  1140 |   707 ||  2925
       Staff             |       |       |       |       |       |     8 ||     8
 Cast: Sandblast         |    26 |    91 |     1 |    14 |       |       ||   132
       Stone Arrow       |     1 |     8 |    28 |   195 |   163 |       ||   395
       Passwall          |       |     1 |     1 |     3 |       |       ||     5
       Lee's Rapid Decon |       |       |     2 |    30 |    64 |    47 ||   143
       Petrify           |       |       |     3 |     1 |     5 |       ||     9
       Ozocubu's Armour  |       |       |       |     7 |    16 |       ||    23
       Sticky Flame      |       |       |       |     9 |    86 |    23 ||   118
       Fireball          |       |       |       |       |    39 |    50 ||    89
       Conjure Flame     |       |       |       |       |    10 |     1 ||    11
       Swiftness         |       |       |       |       |     1 |     1 ||     2
       Repel Missiles    |       |       |       |       |     6 |     8 ||    14
       Bolt of Magma     |       |       |       |       |    24 |   223 ||   247
       Statue Form       |       |       |       |       |     5 |    26 ||    31
       Spellforged Servi |       |       |       |       |       |    27 ||    27
       Mephitic Cloud    |       |       |       |       |       |     3 ||     3
Invok: Curse Item        |       |       |     1 |     4 |     4 |       ||     9
 Abil: Evoke Invisibilit |       |       |       |       |       |     1 ||     1
Evoke: Wand              |       |       |       |     5 |     1 |     2 ||     8
       Staff of energy   |       |       |       |       |       |     1 ||     1
       Box of beasts     |       |       |       |       |       |     1 ||     1
  Use: Scroll            |       |       |     9 |    16 |    36 |    16 ||    77
       Potion            |       |       |     2 |     2 |     8 |    24 ||    36
 Stab: Sleeping          |     2 |     1 |     3 |     2 |     8 |     5 ||    21
       Petrified         |       |       |    14 |       |    14 |     3 ||    31
       Distracted        |       |       |     1 |     1 |     3 |     3 ||     8
       Petrifying        |       |       |       |       |     1 |       ||     1
       Invisible         |       |       |       |       |     2 |       ||     2
  Eat: Chunk             |     3 |     7 |    11 |    35 |    44 |    12 ||   112
       Meat ration       |       |     1 |     1 |     2 |     4 |     4 ||    12
       Pizza             |       |       |     1 |       |     1 |     1 ||     3
       Fruit             |       |       |       |     2 |     2 |     2 ||     6
       Bread ration      |       |       |       |       |     1 |     4 ||     5
       Royal jelly       |       |       |       |       |     2 |     3 ||     5
       Beef jerky        |       |       |       |       |       |     7 ||     7
Armor: Skin              |    39 |    53 |   226 |   387 |   482 |   557 ||  1744
Dodge: Dodged            |    83 |    85 |   305 |   685 |  1123 |  1062 ||  3343
       Deflected         |       |       |       |       |    15 |    29 ||    44
Block: Buckler           |       |       |    72 |   263 |   613 |   562 ||  1510
